 Dungeon Crawl Stone Soup version 0.28.0-53-g5a82cb258f (webtiles) character file.

Game seed: 5930977108459578352

17 RedNights the Sneak (level 2, -1/16 HPs)
             Began as a Spriggan Delver on July 7, 2022.
             Slain by a gnoll
             ... wielding a +0 whip
              (6 damage)
             ... on level 1 of the Dungeon.
             The game lasted 00:04:12 (1067 turns).

RedNights the Sneak (Spriggan Delver)               Turns: 1067, Time: 00:04:13

Health: -1/16      AC:  2    Str:  8    XL:     2   Next: 44%
Magic:  3/3        EV: 18    Int: 11    God:
Gold:   57         SH:  0    Dex: 16    Spells: 1/1 levels left

rFire   . . .      SeeInvis +   a - +0 short sword
rCold   . . .      Faith    .   (no shield)
rNeg    . . .      Spirit   .   b - +0 robe
rPois   .          Reflect  .   (helmet restricted)
rElec   .          Harm     .   (no cloak)
rCorr   .          Rampage  .   (gloves unavailable)
Will    .....                   (boots unavailable)
Stlth   ++++......              (no amulet)
HPRegen 0.05/turn               (no ring)
MPRegen 0.08/turn               (no ring)

@: very quick
A: very small, no large weapons, unfitting armour, see invisible, speed 3
a: no special abilities


You were on level 1 of the Dungeon.
You visited 1 branch of the dungeon, and saw 6 of its levels.

You collected 57 gold pieces.

Inventory:

Hand Weapons
 a - a +0 short sword (weapon)
Missiles
 h - a stone (quivered)
Armour
 b - a +0 robe (worn)
 l - a +0 leather armour
Wands
 g - a wand of digging (3)
Scrolls
 c - a scroll of fog
 d - a scroll of magic mapping
 e - a scroll of fear
 i - 2 scrolls of identify {unknown}
 k - a scroll of summoning {unknown}
Potions
 f - a potion of haste
 j - a potion of curing {unknown}
 m - a potion of invisibility {unknown}


   Skills:
 - Level 2.4 Fighting
 * Level 2.6 Short Blades
 * Level 3.3 Dodging
 * Level 7.6 Stealth


You had one spell level left.
You didn't know any spells.
Your spell library contained the following spells:

 Spells                   Type           Power      Damage    Failure   Level
 Sandblast                Erth           0%         2d4       34%         1
 Passwall                 Tmut/Erth      0%         N/A       47%         2
 Gell's Gravitas          Tloc           0%         N/A       71%         3
 Lesser Beckoning         Tloc           0%         N/A       71%         3
 Stone Arrow              Conj/Erth      0%         3d7       71%         3
 Teleport Other           Tloc           0%         N/A       71%         3


Dungeon Overview and Level Annotations

Branches:
Dungeon (6/15)
 Temple: D:4-7

Altars:

Annotations:
D:5 exclusion: downstairs


Innate Abilities, Weirdness & Mutations

You are very small and have problems with some larger weapons.
You are too small for most types of armour.
You have supernaturally acute eyesight. (SInv)
You cover ground extremely quickly. (Speed+++)


Message History

The bat is moderately wounded.
The bat completely misses you.
Throw: 2 stones
Press: ? - help, Q - select action Shift-Dir - straight line, f/p - bat
Aim: a bat (moderately wounded, 46% to hit)
You throw a stone.
The stone hits the bat but does no damage.
The bat is moderately wounded.
The bat misses you. The bat barely misses you.
You miss the bat.
The bat is moderately wounded.
The bat barely misses you.
You hit the bat.
You kill the bat!
You barely miss the gnoll. The gnoll misses you.
You hit the gnoll but do no damage. The gnoll closely misses you.
You hit the gnoll.
The gnoll is lightly wounded.
The gnoll barely misses you.
You hit the gnoll but do no damage.
The gnoll is lightly wounded.
The gnoll closely misses you.
You hit the gnoll.
The gnoll is moderately wounded.
The gnoll closely misses you.
You hit the gnoll but do no damage.
The gnoll is moderately wounded.
The gnoll closely misses you.
You hit the gnoll.
The gnoll is heavily wounded.
The gnoll hits you with a +0 whip.
You are too injured to fight recklessly!
You are too injured to fight recklessly!
You hit the gnoll.
The gnoll is heavily wounded.
The gnoll closely misses you.
You hit the gnoll but do no damage.
The gnoll is heavily wounded.
The gnoll hits you with a +0 whip.
You die...

#..# #..# #
#†.# #.##..#
#.....#
#####.# #.#
#.# #. #@#
##.## #g#
....####(#
........(####
#.#.....(...##
##.###(##..#
#.....(....#
#.#†###.#..#
#...=.?(...#


You could see a gnoll.

Vanquished Creatures
  2 endoplasms
  A giant cockroach (D:2)
  A goblin (D:1)
  4 hobgoblins
  A quokka (D:1)
  A ball python (D:2)
  3 bats (D:1)
  2 rats
15 creatures vanquished.

Notes
Turn   | Place    | Note
-------+----------+-------------------------------------------
     0 | D:5      | RedNights the Spriggan Delver began the quest for the Orb.
     0 | D:5      | Reached XP level 1. HP: 11/11 MP: 2/2
     1 | D:6      | Noticed a water moccasin zombie
     1 | D:6      | Noticed an ice beast
    46 | D:4      | Noticed a lemure
   925 | D:2      | Reached XP level 2. HP: 16/16 MP: 3/3
  1067 | D:1      | Slain by a gnoll

Illustrated notes

Levels and vault maps discovered:
D:1:      minmay_arrival_plants_in_alcoves, layout_loops_ring,
          hellmonk_ecumenical_altar_crossroads, minmay_surrounded
D:2:      layout_loops_ring, basic_altar
D:3:      layout_basic, uniq_grinder
D:4:      layout_basic, uniq_pikel
D:5:      layout_basic, nicolae_shop_overcharged_wands, uniq_ijyb, uniq_sigmund,
          uniq_blork_the_orc
D:6:      layout_rooms, minivault_4, minmay_between

Skill      XL: |  1 |
---------------+----+-----
Dodging        | 3 |  3.3
Fighting       | |  2.4
Short Blades   | |  2.6
Stealth        | |  7.6

Action                   || total
-------------------------++-------
Melee: Short sword       ||    56
       Punch             ||     1
Throw: Stone             ||    25
 Stab: Sleeping          ||     4
Armor: Robe              ||     3
Dodge: Dodged            ||    52
